 Dungeon Crawl Stone Soup version 0.28.0-45-g0d030f2227 (webtiles) character file.

Game seed: 2244658432903010985

22 boran the Skirmisher (level 2, -4/27 HPs)
             Began as a Draconian Berserker on Apr 22, 2022.
             Was a Follower of Trog.
             Slain by Sigmund
             ... wielding a +0 scythe
              (11 damage)
             ... on level 2 of the Dungeon.
             The game lasted 00:10:56 (1607 turns).

boran the Skirmisher (Draconian Berserker)          Turns: 1607, Time: 00:10:57

Health: -4/27      AC:  4    Str: 19    XL:     2   Next: 68%
Magic:  2/2        EV: 12    Int:  7    God:    Trog [*.....]
Gold:   67         SH:  0    Dex: 10    Spells: 1/1 levels left

rFire   + . .      SeeInvis .   a - +0 hand axe
rCold   . . .      Faith    .   (no shield)
rNeg    . . .      Spirit   .   (armour unavailable)
rPois   .          Reflect  .   (helmet restricted)
rElec   .          Harm     .   (no cloak)
rCorr   .          Rampage  .   (no gloves)
Will    .....                   (no boots)
Stlth   +.........              (no amulet)
HPRegen 0.09/turn               e - ring of protection from fire
MPRegen 0.08/turn               (no ring)

@: no status effects
A: AC +4, unfitting armour, cold-blooded
a: Renounce Religion, Berserk


You were on level 2 of the Dungeon.
You worshipped Trog.
Trog was aware of your devotion.
You visited 1 branch of the dungeon, and saw 2 of its levels.

You collected 67 gold pieces.

Inventory:

Hand Weapons
 a - a +0 hand axe (weapon)
Armour
 c - an orb of energy
Jewellery
 e - a ring of protection from fire (left hand)
Scrolls
 b - 2 scrolls of identify {unknown}
 f - a scroll of noise {unknown}
Potions
 d - 2 potions of haste {unknown}


   Skills:
 + Level 3.7 Fighting
 + Level 3.4 Axes
 + Level 2.9 Dodging
 + Level 0.2 Stealth


You had one spell level left.
You didn't know any spells.
Your spell library was empty.

Dungeon Overview and Level Annotations

Branches:
Dungeon (2/15)

Altars:
Gozag

Annotations:
D:2 Sigmund


Innate Abilities, Weirdness & Mutations

Your plain brown scales are hard. (AC +4)
You cannot fit into any form of body armour.
You are cold-blooded and may be slowed by cold attacks.


Message History

You barely miss the frilled lizard. The endoplasm freezes you.
You are frozen.
You feel yourself slow down. The frilled lizard closely misses you.
You hit the endoplasm but do no damage. You tail-slap the endoplasm.
You kill the endoplasm!
Trog accepts your kill.
You barely miss the frilled lizard. The frilled lizard bites you.
The frilled lizard closely misses you.
You hit the frilled lizard but do no damage.
You feel yourself speed up. The frilled lizard closely misses you.
You barely miss the frilled lizard. The frilled lizard barely misses you.
You slash the frilled lizard!
You kill the frilled lizard!
Trog accepts your kill.
You see here a frilled lizard corpse.
b - 2 scrolls labelled LAEXAI UTILA (gained 1)
Found a dagger.
Found a stone staircase leading down.
Found a rapier.
Found a stone staircase leading down.
There is a stone staircase leading down here.
Sigmund the Dreaded comes into view.
He is wielding a +0 scythe.
Sigmund shouts!
Sigmund misses you.
Found a chain mail.
Sigmund hits you from afar with a +0 scythe!
Sigmund is nearby!
Sigmund gestures at you while chanting. You resist with significant effort.
Sigmund mumbles some strange words.
Sigmund flickers and vanishes!
Deactivating autopickup; reactivate with Ctrl-A.
You slash something!
Your tail-slap misses something.
Something hits you.
You miss something. You miss something. Something hits you.
* * * LOW HITPOINT WARNING * * *
You hit something. Something hits you!
You die...

...#....# #.##.#
...#....# #.##.#
...#....#### #.##.##
.............##.##..♣
...#....####.##.#####
♣♣.#....####.[#.##
♣P.P.............#
♣♣♣..............#
♣♣♣.##..÷.......@####.#..
.♣♣....######...{........
.♣♣....#................[
.P.....#.................
.......#........####.....
.......#........####.##.#
.......#............)# #
######..........###..#
.#........>....#


There were no monsters in sight!

Vanquished Creatures
  2 worms (D:2)
  2 bats
  3 endoplasms
  A goblin (D:1)
  2 hobgoblins (D:1)
  2 kobolds
  2 frilled lizards
  A rat (D:1)
15 creatures vanquished.

Vanquished Creatures (others)
  A plant (D:2)
1 creature vanquished.

Grand Total: 16 creatures vanquished

Notes
Turn   | Place    | Note
-------+----------+-------------------------------------------
     0 | D:1      | boran the Draconian Berserker began the quest for the Orb.
     0 | D:1      | Reached XP level 1. HP: 19/19 MP: 1/1
   296 | D:1      | Found a faded altar of an unknown god.
   447 | D:1      | Reached XP level 2. HP: 26/26 MP: 2/2
  1094 | D:2      | Found an opulent altar of Gozag.
  1597 | D:2      | Noticed Sigmund
  1607 | D:2      | Slain by Sigmund

Illustrated notes

Levels and vault maps discovered:
D:1:      minmay_arrival_hallway, layout_basic,
          shapermc_ecumenical_altar_pompeii
D:2:      cheibrodos_greedy_goblins, layout_basic, serial_forest,
          infiniplex_forest_clump_tiny, infiniplex_forest_clump_curved,
          infiniplex_forest_lined_room_3, infiniplex_forest_clump_tiny,
          infiniplex_forest_lined_1, infiniplex_forest_straight_2,
          infiniplex_forest_clump_diagonal, basic_altar, uniq_terence,
          uniq_sigmund

Action                   || total
-------------------------++-------
Melee: Hand axe          ||    60
       Tailslap          ||     5
       Punch             ||     1
 Stab: Sleeping          ||     1
Armor: Skin              ||    16
Dodge: Dodged            ||    26
